AoeStats
← ImHere4U

Arabia

506295985Analyzed
1v1 RM · 20d ago on Sep 13, 2026· 42m 15s· 2 players
Game mode
Random Map
Map size
Tiny (2 player)
Population
200
Speed
Normal
Resources
Standard
Victory
Conquest
Starting age
Dark Age
Ending age
Imperial Age
RankedLock teamsTeams togetherTeam positionsShared explorationLock speedFull tech treeHidden civsTurbo modeCheats
Victory
Defeat
🇨🇱 Cumans · Chile
817
+18
🇺🇸 Britons · United States
855
-45
trickster
8:33 Loom
11:22 Feudal Age
12:28 Town Watch
12:31 Arson
16:19 Man-at-Arms
19:33 Forging
23:20 Castle Age
21:48 Bloodlines
21:57 Scale Barding Armor
23:39 Wheelbarrow
33:55 Iron Casting
33:40 Chain Barding Armor
34:13 Steppe Husbandry
38:12 Capped Ram
ImHere4U
9:03 Loom
11:17 Feudal Age
12:01 Double-Bit Axe
16:29 Wheelbarrow
18:27 Man-at-Arms
23:26 Horse Collar
26:07 Fishing Lines
31:26 Castle Age
31:53 Elite Skirmisher
37:37 Pikeman
38:19 Squires
38:25 Scale Mail Armor
Connection lost

Rejoining the realm…

Still unreachable

The connection could not be restored.

Session expired

The server has moved on; the page needs a fresh start.